 Dungeon Crawl Stone Soup version 0.24-a0-443-g80245de385 (console) character file.

Game seed: 15165545821454054850

21 Lexodia the Insei (level 2, -6/23 HPs)
             Began as a Gnoll Transmuter on June 21, 2019.
             Killed from afar by an orc wizard (7 damage)
             ... with a magic dart
             ... on level 3 of the Dungeon.
             The game lasted 00:01:40 (833 turns).

Lexodia the Insei (Gnoll Transmuter)                 Turns: 833, Time: 00:01:41

Health: -6/23      AC:  2    Str: 12    XL:     2   Next: 83%
Magic:  7/7        EV: 14    Int: 15    God:
Gold:   35         SH:  0    Dex: 15    Spells: 7/10 levels left

rFire    . . .     SeeInvis .     - Unarmed
rCold    . . .     Gourm    .   (no shield)
rNeg     . . .     Faith    .   b - +0 robe
rPois    .         Spirit   .   (no helmet)
rElec    .         Reflect  .   (no cloak)
rCorr    .         Harm     .   (no gloves)
MR       .....                  (no boots)
Stlth    ++........             (no amulet)
HPRegen  0.07/turn              (no ring)
MPRegen  0.10/turn              (no ring)

@: appendage (expiring)
A: distributed training, fangs 1, horns 2, strong nose
a: End Transformation


You were on level 3 of the Dungeon.
You were not hungry.
You had grown temporary horns.
You visited 1 branch of the dungeon, and saw 4 of its levels.

You collected 35 gold pieces.

Inventory:

Missiles
 a - 25 arrows
 c - 28 stones (quivered)
Armour
 b - a +0 robe (worn)
 k - a +0 buckler
Scrolls
 e - a scroll of fog {unknown}
 f - 2 scrolls of amnesia {unknown}
 h - a scroll of teleportation {unknown}
 i - 2 scrolls of blinking {unknown}
 j - a scroll of remove curse {unknown}
Comestibles
 d - 2 rations


   Skills:
 + Level 2.5 Fighting
 + Level 0.5 Short Blades
 + Level 0.5 Long Blades
 + Level 0.5 Axes
 + Level 0.5 Maces & Flails
 + Level 0.5 Polearms
 + Level 0.5 Staves
 + Level 0.5 Slings
 + Level 0.5 Bows
 + Level 0.5 Crossbows
 + Level 0.5 Throwing
 + Level 0.5 Armour
 + Level 4.5 Dodging
 + Level 0.5 Stealth
 + Level 0.5 Shields
 + Level 6.5 Unarmed Combat
 + Level 4.9 Spellcasting
 + Level 0.3 Conjurations
 + Level 0.3 Hexes
 + Level 0.3 Charms
 + Level 0.3 Summonings
 + Level 0.3 Necromancy
 + Level 0.3 Translocations
 + Level 3.7 Transmutations
 + Level 0.3 Fire Magic
 + Level 0.3 Ice Magic
 + Level 0.3 Air Magic
 + Level 0.3 Earth Magic
 + Level 0.3 Poison Magic
 + Level 0.6 Invocations
 + Level 0.5 Evocations


You had 7 spell levels left.
You knew the following spells:

 Your Spells              Type           Power        Failure   Level  Hunger
a - Beastly Appendage     Tmut           ##....       3%          1    None
b - Sticks to Snakes      Tmut           ##......     5%          2    ##.....

Your spell library contained the following spells:

 Spells                   Type           Power        Failure   Level  Hunger
 Spider Form              Tmut/Pois      #.........   22%         3    ###....
 Ice Form                 Ice/Tmut       #.......     56%         4    ####...
 Blade Hands              Tmut           ##........   69%         5    ######.


Dungeon Overview and Level Annotations

Branches:
Dungeon (4/15)
 Temple: D:4-7

Altars:
Ashenzari
Sif Muna

Annotations:
D:2 Sigmund


Innate Abilities, Weirdness & Mutations

Your experience applies equally to all skills.
You have very sharp teeth.
Your uncanny sense of smell can sniff out nearby items.
You have a pair of horns on your head.


Message History

You hear some strange, mumbled words.
A puff of flame appears from out of thin air!
The puff of flame misses you. Something hits you.
* * * LOW HITPOINT WARNING * * *
Huge Dmg: -17%(-4hp) hp: 14%(3hp) It was a potion of curing.
You feel better. Something hits you. Something hits you.
Damage: -4%(-1hp) hp: 31%(7hp)
A magic dart appears from out of thin air!
The magic dart hits you.
* * * LOW HITPOINT WARNING * * *
Huge Dmg: -26%(-6hp) hp: 5%(1hp)
Things that are here:
a +0 club; a hobgoblin corpse You hit something but do no damage.
You hear some strange, mumbled words.
A magic dart appears from out of thin air!
The magic dart hits you!
You die...

....# ....# #...#
#...# #...#####
#.[...... #...####
#......#
#.{@##.######
##..<#.##...#
#...#.##...#
##.....##...#
#.....###...#
#.....###...###
♣♣♣#..>..........##
..........#######..#
......<...# ##.##


There were no monsters in sight!

Vanquished Creatures
  An ooze (D:1)
  A leopard gecko (D:3)
  An orc (D:3)
  A giant cockroach (D:1)
  3 hobgoblins
  2 bats (D:1)
  2 frilled lizards
  3 kobolds (D:1)
  2 rats (D:1)
16 creatures vanquished.

Notes
Turn   | Place    | Note
-------+----------+-------------------------------------------
     0 | D:1      | Lexodia the Gnoll Transmuter began the quest for the Orb.
     0 | D:1      | Reached XP level 1. HP: 17/17 MP: 6/6
    60 | D:1      | Huge Dmg: 4 dmg
    82 | D:1      | Found a shattered altar of Ashenzari.
   117 | D:1      | Reached XP level 2. HP: 22/23 MP: 7/7
   123 | D:1      | Learned a level 2 spell: Sticks to Snakes
   744 | D:2      | Noticed Sigmund
   765 | D:2      | Found a deep blue altar of Sif Muna.
   765 | D:2      | You fall into a shaft and drop 1 floor!
   793 | D:4      | Noticed an ogre
   808 | D:3      | Huge Dmg: 5 dmg
   812 | D:3      | Huge Dmg: 4 dmg
   825 | D:3      | Huge Dmg: 2 dmg
   829 | D:3      | Huge Dmg: 4 dmg
   831 | D:3      | HP: 1/23 [something/magic dart (6)]
   832 | D:3      | Huge Dmg: 6 dmg
   833 | D:3      | Killed from afar by an orc wizard

Levels and vault maps discovered:
D:1:      tarquinn_simple_flora_water_f, layout_loops_ring, ashenzari_altar_1
D:2:      layout_rooms, led_sif_pool, overflow_temple_1_default,
          amethyst_killhole, minmay_hedge_maze, uniq_sigmund
D:3:      layout_basic, marbit_many_paths, fedhas_altar_fruit_tree,
          small_statue_intersection
D:4:      layout_layer_cave, minmay_shop_grid_forest, nrook_mini_backslash

Action                   || total
-------------------------++-------
Melee: Unarmed           ||    39
       Punch             ||     3
       Headbutt          ||     2
       Bite              ||     2
 Cast: Beastly Appendage ||     1
  Use: Potion            ||     1
 Stab: Sleeping          ||     3
Armor: Robe              ||     6
Dodge: Dodged            ||    26

Table legend:
 A = Non-vault XP
 B = Vault XP
 C = Vault XP percentage of total XP
 D = Non-vault monster count
 E = Vault monster count
 F = Vault count percentage of total count
                 A         B        C        D         E       F
            +---------+---------+-------+---------+---------+-------
      Total |      30 |       0 |   0.0 |      16 |       0 |   0.0
            +---------+---------+-------+---------+---------+-------
        D:1 |      21 |       0 |   0.0 |      12 |       0 |   0.0
        D:3 |       9 |       0 |   0.0 |       4 |       0 |   0.0
            +---------+---------+-------+---------+---------+-------
